AoeStats
← kevinbacondios

Michi

514599055Analyzed
1v1 RM · 1d ago on Oct 18, 2026· 83m 13s· 2 players
Game mode
Random Map
Map size
Tiny (2 player)
Population
200
Speed
Normal
Resources
Standard
Victory
Conquest
Starting age
Dark Age
Ending age
Imperial Age
RankedLock teamsTeams togetherTeam positionsShared explorationLock speedFull tech treeHidden civsTurbo modeCheats
Victory
Defeat
🇪🇸 Japanese · Spain
550
+15
vs
🇪🇸 Mongols · Spain
536
-15
MYHAKAA
2:47 Loom
9:54 Feudal Age
11:30 Gold Mining
12:56 Fletching
16:27 Double-Bit Axe
16:37 Stone Mining
21:01 Castle Age
19:40 Forging
19:31 Padded Archer Armor
19:32 Scale Mail Armor
19:38 Scale Barding Armor
22:23 Bow Saw
25:10 Stone Shaft Mining
24:46 Caravan
25:44 Wheelbarrow
27:57 Bodkin Arrow
28:38 Iron Casting
28:19 Chain Mail Armor
28:20 Leather Archer Armor
31:29 Chain Barding Armor
31:55 Masonry
31:56 Fortified Wall
32:10 Ballistics
31:46 Murder Holes
31:38 Horse Collar
34:29 Nomads
37:03 Imperial Age
35:47 Fervor
39:15 Bracer
40:16 Blast Furnace
39:46 Plate Mail Armor
40:23 Chemistry
41:22 Heavy Scorpion
43:46 Bloodlines
43:37 Husbandry
42:58 Light Cavalry
44:05 Hussar
44:56 Heavy Plow
46:05 Hoardings
45:52 Conscription
50:00 Gold Shaft Mining
48:53 Onager
50:28 Elite Mangudai
52:38 Drill
63:41 Pikeman
64:22 Squires
69:13 Man-at-Arms
69:40 Arson
70:43 Long Swordsman
71:55 Two-Handed Swordsman
74:17 Cavalier
78:39 Elite Skirmisher
79:25 Thumb Ring
kevinbacondios
0:30 Loom
12:24 Feudal Age
13:43 Wheelbarrow
12:54 Town Watch
20:35 Double-Bit Axe
20:35 Horse Collar
20:49 Gold Mining
25:14 Castle Age
23:45 Stone Mining
24:08 Forging
25:12 Scale Mail Armor
25:18 Scale Barding Armor
25:14 Padded Archer Armor
25:05 Fletching
27:15 Hand Cart
27:05 Town Patrol
30:47 Caravan
31:59 Gold Shaft Mining
31:16 Arson
31:32 Squires
31:17 Gambesons
30:55 Pikeman
31:00 Elite Skirmisher
31:44 Husbandry
31:56 Bloodlines
33:38 Bow Saw
33:36 Heavy Plow
34:19 Iron Casting
34:45 Yasama
35:35 Thumb Ring
39:09 Imperial Age
39:17 Imperial Age
39:30 Masonry
39:01 Treadmill Crane
39:16 Murder Holes
39:43 Ballistics
40:06 Chain Mail Armor
40:12 Chain Barding Armor
40:08 Leather Archer Armor
39:49 Bodkin Arrow
41:00 Parthian Tactics
41:48 Blast Furnace
41:12 Onager
43:27 Two-Man Saw
44:01 Chemistry
43:42 Conscription
43:43 Kataparuto
44:47 Plate Mail Armor
44:19 Bracer
44:50 Ring Archer Armor
45:16 Heavy Cavalry Archer
47:30 Elite Samurai
48:14 Arrowslits
48:37 Siege Engineers
48:20 Halberdier
49:06 Heavy Scorpion
51:01 Capped Ram
51:53 Cavalier
Connection lost

Rejoining the realm…

Still unreachable

The connection could not be restored.

Session expired

The server has moved on; the page needs a fresh start.